 Dungeon Crawl Stone Soup version 0.31-a0-1612-g4aaf141004 (webtiles) character file.

Game seed: 15376627043946272165

6179 Dirtsage the Mimic (level 10, 0/71 HPs)
             Began as an Octopode Shapeshifter on Jan 10, 2024.
             Was an Initiate of Gozag.
             Slain by Harold
             ... wielding a +0 glaive
              (18 damage)
             ... on level 9 of the Dungeon.
             The game lasted 00:17:52 (8286 turns).

Dirtsage the Mimic (Octopode Shapeshifter)          Turns: 8286, Time: 00:17:53

Health: 0/71       AC:  5    Str: 13    XL:     10   Next: 91%
Magic:  10/10      EV: 22    Int: 14    God:    Gozag
Gold:   889        SH:  5    Dex: 21    Spells: 9/9 levels left

rFire   . .          .
                       - Unarmed
rCold   . . .        (shield currently unavailable)
rNeg    . . .        (helmet restricted)
rPois   +            s - amulet of the Devil {Reflect rPois SH+5 SInv Stlth-}
rElec   .            u - +4 ring of protection
rCorr   +            C - ring of resist corrosion
SInv    +            w - +6 ring of dexterity
Will    +....        g - ring of willpower
Stlth   +            (no ring)
HPRegen 0.31/turn    (no ring)
MPRegen 0.12/turn    (no ring)
                     (no ring)

%: reflection
@: flux-form, gold aura, glowing
A: glow, contaminating, almost no armour, amphibious, 8 rings, camouflage 1,
gelatinous body 1, (nimble swimmer 1), tentacles
a: Begin Untransformation, Renounce Religion, Potion Petition, Call Merchant,
Bribe Branch


You were on level 9 of the Dungeon.
You worshipped Gozag.
Gozag was pleased with you.
You were something dangerously unstable.
You visited 2 branches of the dungeon, and saw 10 of its levels.

You collected 1859 gold pieces.
You spent 880 gold pieces at shops.
You paid 90 gold pieces to Gozag.

Inventory:

Missiles
 e - 4 curare-tipped darts (quivered)
Jewellery
 g - a ring of willpower (on tentacle)
 s - the amulet of the Devil (around mantle) {Reflect rPois SH+5 SInv Stlth-}
   (You bought it in a shop on level 2 of the Dungeon)

   [amulet of reflection]

   Reflect:   It reflects blocked missile attacks.
   rPois:     It protects you from poison SInv: It lets you see invisible.
   SH+5:      It affects your SH (+5).
   Stlth-:    It makes you less stealthy.
 u - a +4 ring of protection (left tentacle)
 w - a +6 ring of dexterity (on tentacle)
 C - a ring of resist corrosion (right tentacle)
Talismans
 b - a beast talisman
 c - a flux talisman (active)
Wands
 k - a wand of paralysis (8)
 n - a wand of flame (24)
 y - a wand of quicksilver (13)
Scrolls
 f - 2 scrolls of noise
 i - 3 scrolls of identify
 j - a scroll of immolation
 o - 2 scrolls of brand weapon
 p - 2 scrolls of vulnerability
 r - a scroll of torment
 t - a scroll of teleportation
 v - a scroll of summoning
Potions
 a - a potion of lignification
 d - 2 potions of mutation
 h - 3 potions of haste
 l - 2 potions of heal wounds
 m - a potion of attraction
 q - 6 potions of curing
 x - a potion of degeneration {unknown}


   Skills:
 + Level 7.2 Fighting
 + Level 7.4 Dodging
 + Level 7.8 Unarmed Combat
 * Level 9.9 Shapeshifting


You had 9 spell levels left.
You didn't know any spells.
Your spell library contained the following spells:

 Spells                   Type           Power      Damage    Failure   Level
 Tukima's Dance           Hex            0%         N/A       65%         3
 Dimensional Bullseye     Hex/Tloc       0%         N/A       96%         4
 Iskenderun's Mystic Bla  Conj/Tloc      0%         2d3       96%         4


Dungeon Overview and Level Annotations

Branches:
Dungeon (9/15)             Temple (1/1) D:5
   Lair: D:8-11         Orc: D:9-12

Altars:
Ashenzari
Cheibriados
Dithmenos
Elyvilon
Fedhas
Gozag
Hepliaklqana
Kikubaaqudgha
Makhleb
Nemelex Xobeh
Okawaru
Qazlal
Ru
Sif Muna
Trog
Uskayaw
Vehumet
Wu Jian
Xom
Yredelemnul
Zin
The Shining One

Shops:
D:2 =   D:5 (

Portals:
Abyss: D:4

Annotations:
D:4 2 transporters, noobster's ghost, amateur DrAE
D:7 exclusion: door, Joseph
D:9 Harold


Innate Abilities, Weirdness & Mutations

You are something dangerously unstable.
You glow with magical radiation, making you easy to see and hit.
Foes you strike become dangerously contaminated with magical radiation.
You are incapable of wielding weapons or throwing items.
You cannot wear most types of armour.
You are amphibious.
You can wear up to eight rings at the same time.
Your skin changes colour to match your surroundings (Stealth+).
Your rubbery body absorbs attacks. (AC +1, EV +1)
((You are camouflaged when in or above water. (Stealth+)))
You have tentacles for arms and can constrict up to eight enemies at once.


Message History

You tentacle-slap the howler monkey.
The howler monkey begins to glow.
Your grab misses the howler monkey. Your squeeze misses the howler monkey.
The howler monkey is severely wounded.
Harold barely misses you. You block the howler monkey's attack.
You tentacle-slap the howler monkey.
The howler monkey glows dangerously bright.
You grab the howler monkey.
The howler monkey is severely wounded.
You constrict the howler monkey.
The howler monkey hoots and howls with incredible vigour!
Harold hits you from afar with a +0 glaive!
You hear a croak. x2
You take 8 damage, and have 47/71 hp.
You tentacle-slap the howler monkey.
You kill the howler monkey!
Harold completely misses you. Harold hits you with a +0 glaive!!
* * * LOW HITPOINT WARNING * * *
You see here 12 gold pieces.
You take 30 damage, and have 17/71 hp.
MASSIVE DAMAGE!!
You tentacle-slap Harold but do no damage.
Harold begins to glow.
You grab Harold. You squeeze Harold.
Harold is lightly wounded.
You constrict Harold. You tentacle-slap Harold.
Harold glows dangerously bright.
Harold is lightly wounded.
You constrict Harold. Harold misses you.
You tentacle-slap Harold.
Harold shudders as magic cascades through him!
Harold twists and deforms.
Harold is moderately wounded.
You constrict Harold. Harold closely misses you.
A bullfrog comes into view.
The bullfrog croaks.
You bludgeon Harold!
Harold begins to glow.
You squeeze Harold.
Harold is heavily wounded.
You constrict Harold. Harold hits you with a +0 glaive!!
You die...
Harold sighs, "Nothing for old Harold but painting after this."
Your body crumbles into a pile of gold.

.....## ##.# ....##
#.## ##### ##.##
#..# ##.#### ###
#.(..##### ##.#
#........#######...
#..#..(......##....
#.p#####...........
#.@# #......#......
#........###.......
......#### #.......
F...### #........
.##..# ######### ##
##.# #..


You could see Harold (contam, misshapen) and a bullfrog.

Vanquished Creatures
  A two-headed ogre (D:8)
  A hornet (D:9)
  2 trolls (D:9)
  2 wyverns (D:9)
  3 yaks (D:8)
  Eustachio (D:4)
  2 acid dragons
  2 water moccasins (D:8)
  2 orc warriors
  4 sky beasts
  A black bear (D:5)
  2 ogres (D:5)
  3 centaurs
  2 phantoms
  5 kobold brigands
  3 scorpions
  2 bullfrogs
  8 wights
  6 killer bees (D:8)
  4 howler monkeys
  3 bombardier beetles
  3 hounds
  2 jellies (D:7)
  4 orc priests
  2 sleepcaps
  6 iguanas
  9 orc wizards
  7 adders
  A shadow imp (D:5)
  3 white imps
  2 dart slugs
  21 orcs
  5 bats
  10 endoplasms
  13 giant cockroaches
  10 goblins
  5 hobgoblins
  16 jackals
  A quokka (D:1)
  7 ball pythons
  4 frilled lizards
  29 kobolds
  7 rats
226 creatures vanquished.

Notes
Turn   | Place    | Note
-------+----------+-------------------------------------------
     0 | D:1      | Dirtsage the Octopode Shapeshifter began the quest for the
                  | Orb.
     0 | D:1      | Reached XP level 1. HP: 13/13 MP: 1/1
    63 | D:1      | Reached XP level 2. HP: 14/18 MP: 2/2
   419 | D:1      | Reached XP level 3. HP: 23/23 MP: 3/3
   983 | D:2      | Reached XP level 4. HP: 18/28 MP: 4/4
  1141 | D:2      | Found Ceatah's Jewellery Emporium.
  1518 | D:3      | Found an opulent altar of Gozag.
  1524 | D:3      | Became a worshipper of Gozag Ym Sagoz the Greedy
  1614 | D:3      | Reached skill level 4 in Shapeshifting
  1844 | D:3      | Reached XP level 5. HP: 9/34 MP: 5/5
  2231 | D:3      | Found a faded altar of an unknown god.
  2451 | D:3      | Found a shimmering altar of Xom.
  2451 | D:3      | Found an ancient bone altar of Kikubaaqudgha.
  2643 | D:2      | Bought a +4 ring of protection for 396 gold pieces
  2723 | D:4      | Noticed Eustachio
  2749 | D:4      | Killed Eustachio
  2750 | D:4      | Reached XP level 6. HP: 29/41 MP: 6/6
  2834 | D:4      | Reached skill level 5 in Shapeshifting
  2834 | D:4      | Reached XP level 7. HP: 40/46 MP: 7/7
  3214 | D:4      | Found a transporter.
  3218 | D:4      | Found a transporter.
  3218 | D:4      | Found a one-way gate to the infinite horrors of the Abyss.
  3218 | D:4      | Noticed noobster's ghost (amateur DrAE)
  3266 | D:5      | Entered Level 5 of the Dungeon
  3593 | D:5      | Found a staircase to the Ecumenical Temple.
  3606 | D:5      | Reached XP level 8. HP: 53/54 MP: 8/8
  3607 | Temple   | Entered the Ecumenical Temple
  3656 | D:5      | Reached skill level 5 in Unarmed Combat
  3656 | D:5      | Reached skill level 6 in Shapeshifting
  3836 | D:5      | Found Tioh's Weapon Shoppe.
  4349 | D:2      | Bought the amulet of the Devil {Reflect rPois SH+5 SInv
                  | Stlth-} for 484 gold pieces
  4505 | D:6      | Reached skill level 5 in Dodging
  4684 | D:6      | Reached skill level 7 in Shapeshifting
  4772 | D:6      | Reached XP level 9. HP: 48/60 MP: 9/9
  4854 | D:6      | Reached skill level 5 in Fighting
  5128 | D:6      | Identified the +5 dagger of Woschiol {protect, rC++ Will+
                  | Str+3}
  5798 | D:7      | Noticed a seven-headed hydra
  5830 | D:7      | Noticed Joseph
  5844 | D:7      | Reached skill level 8 in Shapeshifting
  6488 | D:7      | Noticed a white ugly thing
  6776 | D:8      | Reached XP level 10. HP: 59/68 MP: 10/10
  6901 | D:8      | Noticed a two-headed ogre
  6925 | D:8      | Killed a two-headed ogre
  6926 | D:8      | Reached skill level 9 in Shapeshifting
  6946 | D:8      | Identified the +2 flail "Goblinslayer" {freeze, rElec}
  8273 | D:9      | Noticed Harold
  8286 | D:9      | Slain by Harold

Illustrated notes

Levels and vault maps discovered:
D:1:      ncdulo_lavacross, layout_loops_ring, minmay_gold_behind_fungi,
          hangedman_decor_push, minmay_misc_feat_roman, minmay_cut_off
D:2:      layout_basic, serial_shops, shop
D:3:      minmay_roachtagon, layout_basic,
          nicolae_gozag_cash_rules_everything_around_me,
          gammafunk_temple_overflow_elements,
          hellmonk_ecumenical_altar_arch_garden, minmay_three_crescents
D:4:      layout_rooms, gammafunk_ghost_abyssal_escape, uniq_eustachio
D:5:      layout_loops_ring, minmay_temple_entry_mist, serial_shops, shop
D:6:      layout_basic, grunt_ministairs_5
D:7:      nzn_winding_woodlands_small [nzn_winding_woodlands_5x15_longhouse,
          nzn_winding_woodlands_center_lodge,
          nzn_winding_woodlands_5x15_jagged], layout_basic, uniq_joseph,
          uniq_maurice
D:8:      layout_loops_ring, grunt_ministairs_9
D:9:      layout_cave_pods, minivault_23, uniq_harold
Temple:   compressed_dpeg_triangle_lava_temple

Skill      XL: |  1  2  3  4  5  6  7  8  9 10 |
---------------+-------------------------------+-----
Fighting       | 2 3 4 6 7 |  7.2
Shapeshifting  | 4 5 7 8 9 |  9.9
Dodging        | 3 4 5 6 7 |  7.4
Unarmed Combat | 4 5 6 7 |  7.8

Action                     |  1- 3 |  4- 6 |  7- 9 | 10-12 || total
---------------------------+-------+-------+-------+-------++-------
  Melee: Unarmed           |    92 |   123 |   272 |   143 ||   630
         Constrict         |    19 |    34 |    58 |    24 ||   135
         Tentacles         |    16 |    22 |    66 |    48 ||   152
         Punch             |     1 |     7 |     9 |       ||    17
  Throw: Dart              |       |       |     1 |       ||     1
  Evoke: Wand              |       |       |     5 |     3 ||     8
    Use: Scroll            |       |     6 |     8 |       ||    14
         Potion            |       |     2 |       |       ||     2
   Stab: Sleeping          |     6 |     8 |     5 |     1 ||    20
         Distracted        |     1 |     1 |     1 |     2 ||     5
         Paralysed         |       |       |     9 |     5 ||    14
 Armour: Skin              |    31 |    41 |   115 |    38 ||   225
  Dodge: Dodged            |    42 |    68 |   140 |   104 ||   354
  Block: Other             |       |       |    30 |    24 ||    54
         Reflection        |       |       |     1 |     2 ||     3
   Form: Flux              |       |       |     1 |       ||     1

Table legend: (Time is in decaauts)
 A = Elapsed time spent in this place.
 B = Non-inter-level travel time spent in this place.
 C = Inter-level travel time spent in this place.
 D = Time resting spent in this place.
 E = Time spent auto-exploring this place.
 F = Levels seen in this place.
 G = Mean time per level.
                   A        B        C        D        E       F      G
               +--------+--------+--------+--------+--------+-----+--------+
         Total |   8199 |   7890 |    309 |    352 |   5942 |  10 |  819.9 |
       Dungeon |   8197 |   7888 |    309 |    352 |   5942 |   9 |  910.8 |
        Temple |      1 |      1 |      0 |      0 |      0 |   1 |    1.0 |
               +--------+--------+--------+--------+--------+-----+--------+

Top non-repeatable levels by time:
     D:6: 1300 daAuts
     D:3: 1167 daAuts
     D:5: 935 daAuts
     D:7: 903 daAuts
     D:8: 888 daAuts
     D:9: 869 daAuts
     D:1: 781 daAuts
     D:2: 736 daAuts
     D:4: 613 daAuts
  Temple: 1 daAuts
